 Dungeon Crawl Stone Soup version 0.29.1-12-g30fa7ad0bf (webtiles) character file.

Game seed: 18317742601771813474

4039 cheesebisquit the Bludgeoner (level 10, -2/77 HPs)
             Began as a Minotaur Berserker on Dec 18, 2022.
             Was a Priest of Trog.
             Slain by a yak (7 damage)
             ... on level 8 of the Dungeon.
             The game lasted 00:18:19 (6746 turns).

cheesebisquit the Bludgeoner (Minotaur Berserker)   Turns: 6746, Time: 00:18:19

Health: -2/77      AC: 15    Str: 26    XL:     10   Next: 4%
Magic:  9/9        EV:  7    Int:  4    God:    Trog [***...]
Gold:   282        SH:  0    Dex: 10    Spells: 9/9 levels left

rFire   . . .      SeeInvis .   y - +0 morningstar
rCold   . . .      Faith    .   (no shield)
rNeg    . . .      Spirit   .   k - +0 plate armour
rPois   .          Reflect  .   A - +0 hat
rElec   .          Harm     .   (no cloak)
rCorr   .          Rampage  .   (no gloves)
Will    .....                   (no boots)
Stlth   ..........              (no amulet)
HPRegen 0.22/turn               p - +4 ring of protection
MPRegen 0.11/turn               (no ring)

@: about to teleport, invisible
A: horns 2, retaliatory headbutt
a: Renounce Religion, Berserk, Trog's Hand


You were on level 8 of the Dungeon.
You worshipped Trog.
Trog was most pleased with you.
You visited 1 branch of the dungeon, and saw 8 of its levels.

You collected 567 gold pieces.
You spent 285 gold pieces at shops.

Inventory:

Hand Weapons
 a - a +0 mace
 d - a +1 flail of venom
 f - a +0 dire flail
 n - a +0 sling
 y - a +0 morningstar (weapon)
Missiles
 e - 86 stones (quivered)
 C - a throwing net
 F - a curare-tipped dart
 G - 8 poisoned darts
Armour
 k - a +0 plate armour (worn)
 A - a +0 hat (worn)
Jewellery
 p - a +4 ring of protection (left hand)
 J - a +4 ring of protection
Wands
 I - a wand of paralysis (5)
Scrolls
 g - a scroll of magic mapping {unknown}
 h - a scroll of noise {unknown}
 i - 2 scrolls of brand weapon {unknown}
 l - 2 scrolls of teleportation
 m - 2 scrolls of enchant weapon {unknown}
 q - a scroll of torment {unknown}
 s - a scroll of immolation {unknown}
 t - a scroll of summoning {unknown}
 u - 2 scrolls of blinking {unknown}
 v - 2 scrolls of poison {unknown}
 B - a scroll of fog {unknown}
 E - a scroll of enchant armour {unknown}
Potions
 b - 2 potions of ambrosia {unknown}
 c - a potion of attraction
 j - 3 potions of lignification
 o - a potion of curing
 r - 2 potions of invisibility
 w - 2 potions of berserk rage
 x - a potion of magic {unknown}
 z - 2 potions of haste
 D - a potion of mutation {unknown}
 H - a potion of cancellation {unknown}


   Skills:
 - Level 3.6 Fighting
 + Level 17.1 Maces & Flails
 - Level 2.4 Armour
 - Level 2.1 Dodging


You had 9 spell levels left.
You didn't know any spells.
Your spell library was empty.

Dungeon Overview and Level Annotations

Branches:
Dungeon (8/15)             Temple (0/1) D:6
   Lair: D:8-11

Altars:
Dithmenos
Fedhas
Makhleb
Okawaru
Trog
Uskayaw
The Shining One

Shops:
D:6 ([[

Annotations:
D:3 2 transporters, Radix's ghost, amateur GrCA


Innate Abilities, Weirdness & Mutations

You have a pair of horns on your head.
You reflexively headbutt those who attack you in melee.


Message History

You bludgeon the orc!!
You kill the orc!
Trog accepts your kill. The yak gores you but does no damage.
The orc hits you with a +0 short sword. The yak barely misses you.
You furiously retaliate!
You headbutt the yak, but do no damage. The yak gores you!
You closely miss the orc.
The orc is severely wounded.
The yak gores you!
* * * LOW HITPOINT WARNING * * *
The orc closely misses you. You furiously retaliate!
You headbutt the orc, but do no damage. The yak gores you.
* * * LOW HITPOINT WARNING * * *
The yak gores you.
* * * LOW HITPOINT WARNING * * *
The yak gores you.
* * * LOW HITPOINT WARNING * * *
The orc barely misses you. The yak gores you but does no damage.
The yak barely misses you. You furiously retaliate!
You headbutt the yak, but do no damage.
You climb downwards.
The yak bellows!
The yak gores you but does no damage. The orc hits you but does no damage. x2
The yak barely misses you.
There is a stone staircase leading up, spattered with blood here.
You fade into invisibility!
The orc barely misses you. The orc hits you but does no damage.
The yak barely misses you. The orc barely misses you.
The yak gores you but does no damage. The yak barely misses you.
The yak gores you.
* * * LOW HITPOINT WARNING * * *
Okay, then.
As you read the scroll of teleportation, it crumbles to dust.
You feel strangely unstable. The orc closely misses you.
The orc hits you but does no damage. The yak barely misses you.
The orc barely misses you. The yak gores you but does no damage.
The yak gores you.
* * * LOW HITPOINT WARNING * * *
The yak gores you!
You die...

#.....# ......#
#..... #....
#... #####Y.#
#...YoY# #@o#
.....oYYo......
..#.###Y.#Y#...
#..# # . ....
..... ...#.
.......


You could see 7 yaks and 4 orcs.

Vanquished Creatures
  An unseen horror (D:7)
  Sigmund (D:5)
  A yak (D:7)
  Menkaure (D:7)
  5 steam dragons (D:7)
  An acid dragon (D:7)
  A water moccasin (D:7)
  3 orc warriors (D:7)
  A black bear (D:6)
  2 ice beasts
  2 ogres
  2 kobold brigands (D:7)
  2 bullfrogs (D:7)
  2 scorpions
  4 killer bees (D:7)
  A howler monkey (D:5)
  6 jellies
  5 hounds
  2 orc priests
  10 iguanas
  6 orc wizards
  Natasha (thrice) (D:2)
  Terence (D:2)
  4 gnolls (D:6)
  9 adders
  2 shadow imps
  2 white imps
  2 ufetubi
  2 worms
  2 dart slugs (D:4)
  23 orcs
  2 bats
  10 endoplasms
  5 hobgoblins
  6 jackals (D:1)
  12 kobolds
  3 quokkas
  2 ball pythons
  3 frilled lizards
  3 goblins
  4 rats
159 creatures vanquished.

Vanquished Creatures (others)
  5 fungi (D:2)
  7 toadstools (D:2)
12 creatures vanquished.

Grand Total: 171 creatures vanquished

Notes
Turn   | Place    | Note
-------+----------+-------------------------------------------
     0 | D:1      | cheesebisquit the Minotaur Berserker began the quest for
                  | the Orb.
     0 | D:1      | Reached XP level 1. HP: 19/19 MP: 0/0
    84 | D:1      | Reached skill level 4 in Maces & Flails
   114 | D:1      | Reached XP level 2. HP: 21/26 MP: 1/1
   813 | D:2      | Noticed Terence
   817 | D:2      | Killed Terence
   818 | D:2      | Reached skill level 5 in Maces & Flails
   818 | D:2      | Reached XP level 3. HP: 31/31 MP: 2/2
   919 | D:2      | Reached skill level 6 in Maces & Flails
   919 | D:2      | Reached XP level 4. HP: 37/39 MP: 3/3
   934 | D:2      | Reached skill level 7 in Maces & Flails
   934 | D:2      | Reached XP level 5. HP: 37/45 MP: 4/4
   935 | D:2      | Reached ** piety under Trog
  1107 | D:2      | Found a faded altar of an unknown god.
  1115 | D:2      | Noticed Natasha
  1124 | D:2      | Killed Natasha
  1479 | D:2      | Noticed Natasha
  1483 | D:2      | Killed Natasha
  1586 | D:2      | Noticed Natasha
  1593 | D:2      | Killed Natasha
  1594 | D:2      | Reached skill level 8 in Maces & Flails
  1923 | D:2      | Reached XP level 6. HP: 49/51 MP: 5/5
  2169 | D:3      | Found a transporter.
  2226 | D:3      | Found a transporter.
  2317 | D:3      | Noticed Radix's ghost (amateur GrCA)
  2478 | D:3      | Noticed a +0 dagger
  2479 | D:3      | Noticed a +0 dagger
  2482 | D:3      | Found a hide-covered altar of Uskayaw.
  2561 | D:3      | Found an iron altar of Okawaru.
  2562 | D:3      | Found a bloodstained altar of Trog.
  3190 | D:4      | Reached skill level 9 in Maces & Flails
  3533 | D:5      | Entered Level 5 of the Dungeon
  3694 | D:5      | Reached XP level 7. HP: 57/57 MP: 6/6
  3824 | D:5      | Reached *** piety under Trog
  3905 | D:5      | Reached skill level 10 in Maces & Flails
  4125 | D:5      | Found a blossoming altar of Fedhas.
  4151 | D:5      | Noticed Sigmund
  4160 | D:5      | Killed Sigmund
  4230 | D:5      | Found a burning altar of Makhleb.
  4355 | D:5      | Reached skill level 11 in Maces & Flails
  4684 | D:6      | Found Zoalu's Antique Armour Shoppe.
  4694 | D:6      | Bought a hat for 108 gold pieces
  4705 | D:6      | Found Yxeebutt's Weapon Shoppe.
  4740 | D:6      | Found a glowing golden altar of the Shining One.
  4742 | D:6      | Found Xiajiov's Jewellery Shoppe.
  4778 | D:6      | Reached XP level 8. HP: 44/64 MP: 7/7
  4911 | D:6      | Reached skill level 12 in Maces & Flails
  4983 | D:6      | Found Ixkomn's Armour Shop.
  4987 | D:6      | Bought a +2 robe of fire resistance for 177 gold pieces
  5071 | D:6      | Found a staircase to the Ecumenical Temple.
  5253 | D:7      | Noticed Menkaure
  5258 | D:7      | Reached skill level 13 in Maces & Flails
  5261 | D:7      | Killed Menkaure
  5310 | D:7      | Reached skill level 14 in Maces & Flails
  5325 | D:7      | Reached XP level 9. HP: 43/70 MP: 8/8
  5781 | D:7      | Found a shadowy altar of Dithmenos.
  5886 | D:7      | Reached skill level 15 in Maces & Flails
  5917 | D:7      | HP: 3/70 [steam dragon (1)]
  5933 | D:7      | Reached skill level 16 in Maces & Flails
  5955 | D:7      | Killed an unseen horror
  6218 | D:7      | Identified the +0 robe "Qaakk" {rPois rC- rN++}
  6510 | D:7      | Reached skill level 17 in Maces & Flails
  6510 | D:7      | Reached XP level 10. HP: 42/77 MP: 9/9
  6746 | D:8      | Slain by a yak

Illustrated notes

Levels and vault maps discovered:
D:1:      minmay_arrival_cross, layout_loops_ring
D:2:      cheibrodos_fertilizer, layout_loops_ring,
          shapermc_ecumenical_altar_totnotflames, grunt_decor_clamped,
          uniq_natasha, uniq_terence
D:3:      layout_basic, dancing_weapons_uskayaw,
          grunt_temple_overflow_bloody_war, gammafunk_ghost_stat_death
D:4:      layout_loops_corners
D:5:      layout_loops_corners, mainiacjoe_overflow_large_starburst,
          serial_glass, glass_columns_b, glass_columns_a, uniq_sigmund
D:6:      layout_gridville, overflow_temple_1_default,
          minmay_temple_entry_from_below_a, serial_shops,
          nicolae_shop_bloodbath_and_beyond, shop, nicolae_lakefront_shop,
          nicolae_shop_advertising_works [nicolae_subvault_shop_adworks],
          grunt_ministairs_6, hangedman_decor_points
D:7:      hangedman_cross_stitches, layout_basic,
          grunt_dithmenos_smoke_and_mirrors, minmay_fractal_squares_diagonal_5,
          uniq_menkaure
D:8:      layout_basic, zin_academy

Skill      XL: |  1  2  3  4  5  6  7  8  9 |
---------------+----------------------------+-----
Maces & Flails | 4 5 6 7 8 9 11 14 17 | 17.1
Fighting       | |  3.6
Armour         | |  2.4
Dodging        | |  2.1

Action                   |  1- 3 |  4- 6 |  7- 9 | 10-12 || total
-------------------------+-------+-------+-------+-------++-------
Melee: Mace              |    30 |       |       |       ||    30
       Headbutt          |     5 |    16 |    44 |       ||    65
       Flail             |    14 |   134 |    35 |       ||   183
       Morningstar       |       |       |   162 |    12 ||   174
       Punch             |       |       |     1 |       ||     1
Invok: Berserk           |     2 |     2 |     6 |       ||    10
       Trog's Hand       |       |       |     7 |     1 ||     8
  Use: Scroll            |       |     5 |     3 |     1 ||     9
       Potion            |       |       |     4 |     2 ||     6
Armor: Animal skin       |     4 |       |       |       ||     4
       Chain mail        |    15 |     2 |       |       ||    17
       Plate armour      |       |    61 |   154 |    26 ||   241
Dodge: Dodged            |    27 |    36 |    90 |    24 ||   177
